 Dungeon Crawl Stone Soup version 0.17.0-1-g61d176b (webtiles) character file.

2072 kosy22 the Ducker (level 9, -3/85 HPs)
             Began as a Troll Fighter on Nov 7, 2015.
             Was an Initiate of Fedhas.
             Slain by a slave (6 damage)
             ... led by Pikel
             ... on level 7 of the Dungeon.
             The game lasted 00:25:17 (6246 turns).

kosy22 the Ducker (Troll Fighter)                   Turns: 6246, Time: 00:25:17

Health: -3/85      AC:  8    Str: 34    XL:     9   Next: 5%
Magic:  8/8        EV: 10    Int:  4    God:    Fedhas [......]
Gold:   330        SH: 15    Dex:  9    Spells: 0 memorised, 8 levels left

rFire  . . .     SeeInvis .       - Unarmed
rCold  . . .     Clarity  .     a - +0 robe
rNeg   + . .     SustAt   .     b - +4 shield
rPois  .         Gourm    +     (helmet restricted)
rElec  .         Spirit   .     q - +2 cloak
rCorr  .         Warding  +     (gloves unavailable)
rMut   .         Stasis   .     (boots unavailable)
MR     .....                    v - amulet of warding
Stlth  +.........               (no ring)
                                (no ring)

@: mighty, drained, not resistant to hostile enchantments, very unstealthy
A: unfitting armour, claws 3, fast metabolism 3, gourmand, regeneration 2,
shaggy fur 1, tough skin 2
a: Renounce Religion


You were on level 7 of the Dungeon.
You worshipped Fedhas.
Fedhas was noncommittal.
You were not hungry.

You visited 2 branches of the dungeon, and saw 8 of its levels.

You collected 330 gold pieces.

Inventory:

Hand Weapons
 n - a +0 blowgun
Missiles
 r - 17 poisoned needles
 u - 5 needles of frenzy
Armour
 a - a +0 robe (worn)
 b - a +4 shield (worn)
 q - a +2 cloak (worn)
Jewellery
 v - an amulet of warding (around neck)
Wands
 l - a wand of cold (7)
 y - a wand of fireball (7)
 B - a wand of frost (17)
Scrolls
 d - a scroll of magic mapping {unknown}
 j - 4 scrolls of identify
 k - 3 scrolls of teleportation
 m - a scroll of immolation {unknown}
 z - 4 scrolls of remove curse
 D - a scroll of enchant armour
Potions
 c - a potion of might
 e - a potion of degeneration {unknown}
 i - a potion of curing {unknown}
 p - a potion of invisibility {unknown}
 w - a potion of agility {unknown}
 x - a potion of flight {unknown}
 A - a potion of mutation {unknown}
Books
 g - a book of Geomancy

   Spells                             Type                      Level
   a - Sandblast                      Earth                        1
   b - Stoneskin                      Transmutation/Earth          2
   c - Passwall                       Transmutation/Earth          3
   d - Stone Arrow                    Conjuration/Earth            3
   e - Petrify                        Transmutation/Earth          4
   f - Lee's Rapid Deconstruction     Earth                        5
Comestibles
 f - 2 slices of pizza
 o - 5 fruits
 s - 3 bread rations
 t - 5 meat rations
 C - a royal jelly


   Skills:
 + Level 4.3(4.2) Fighting
 + Level 1.8(1.7) Throwing
 + Level 6.3(6.2) Dodging
 + Level 1.1(1.0) Stealth
 + Level 5.6(5.5) Shields
 + Level 5.4(5.3) Unarmed Combat


You had 8 spell levels left.
You didn't know any spells.

Dungeon Overview and Level Annotations

Branches:
Dungeon (7/15)             Temple (1/1) D:4

Altars:
Ashenzari
Cheibriados
Elyvilon
Fedhas
Gozag
Kikubaaqudgha
Nemelex Xobeh
Qazlal
Ru
Sif Muna
Trog
Xom
The Shining One

Shops:
D:6 *

Annotations:
D:7 Pikel


Innate Abilities, Weirdness & Mutations

You are too large for most types of armour.
You have claws for hands.
Your metabolism is lightning-fast.
You like to eat raw meat.
You heal very quickly.
You are covered in fur (AC +1).
You have very tough skin (AC +2).


Message History

* * * LOW HITPOINT WARNING * * *
The slave hits you.
* * * LOW HITPOINT WARNING * * *
The slave hits you.
* * * LOW HITPOINT WARNING * * *
Drink which item? (? for menu, Esc to quit)
You feel very mighty all of a sudden. You block Pikel's attack.
The slave closely misses you. The slave hits you!
* * * LOW HITPOINT WARNING * * *
Unknown command.
You closely miss Pikel.
Pikel is heavily wounded.
Pikel hits you with a whip of electrocution.
* * * LOW HITPOINT WARNING * * *
The slave closely misses you. You block the slave's attack.
You claw Pikel!
Pikel is almost dead.
Pikel hits you but does no damage. The slave hits you.
You die...
Fedhas appreciates your contribution to the ecosystem.

##.##.## #.# ......
.# #.# ##.#.# .# #.#
.#.# .# #.# ##.# #.#
.. ...# #.# .#(###
#..# #.. .##.#
....(z##p.# #..#.##.#
.....pK@..###.##.##.#
...#%.#p..##.....##.#
#. #...##.....##.#
##..#...##...#.##.#
.........##.....##.#
###..#.......##.##.#
........###.....รท%.#
###...........#.####
#...#.####..#.#


You could see Pikel, 3 slaves and a wight.

Vanquished Creatures
  A hippogriff (D:7)
  Edmund (D:4)
  Duvessa (D:5)
  An orc warrior (D:6)
  A centaur (D:5)
  A slave (D:7)
  An ogre (D:6)
  2 sky beasts
  A phantom (D:3)
  A big kobold (D:7)
  Dowan (D:5)
  2 scorpions
  6 wights
  A crimson imp (D:5)
  A giant frog zombie (D:6)
  A quasit (D:5)
  A centaur skeleton (D:5)
  A jelly (D:6)
  2 iguanas
  2 orc wizards
  2 hounds
  2 orc priests
  3 worker ants
  2 hound skeletons
  A worker ant zombie (D:5)
  7 adders
  2 shadow imps
  An ooze (D:2)
  An adder skeleton (D:5)
  An adder zombie (D:7)
  2 worms (D:2)
  7 giant geckos
  17 orcs
  A ball python (D:1)
  6 giant cockroaches
  6 goblins
  13 hobgoblins
  13 jackals
  2 quokkas
  9 bats
  3 giant newts
  12 kobolds
  2 quokka skeletons
  12 rats
156 creatures vanquished.

Vanquished Creatures (others)
  19 toadstools
19 creatures vanquished.

Grand Total: 175 creatures vanquished

Notes
Turn   | Place    | Note
--------------------------------------------------------------
     0 | D:1      | kosy22 the Troll Fighter began the quest for the Orb.
     0 | D:1      | Reached XP level 1. HP: 22/22 MP: 0/0
   228 | D:1      | Reached XP level 2. HP: 29/29 MP: 1/1
   239 | D:1      | Found a shimmering altar of Xom.
   809 | D:2      | Reached XP level 3. HP: 22/36 MP: 2/2
   970 | D:2      | Reached skill level 3 in Dodging
  1134 | D:2      | Reached XP level 4. HP: 44/44 MP: 3/3
  1716 | D:3      | Reached XP level 5. HP: 48/52 MP: 4/4
  1784 | D:3      | Found a sparkling altar of Nemelex Xobeh.
  2195 | D:3      | Noticed a phantom
  2213 | D:3      | Killed a phantom
  2750 | D:4      | Reached skill level 4 in Dodging
  2750 | D:4      | Reached XP level 6. HP: 43/61 MP: 5/5
  3128 | D:4      | Noticed Edmund
  3155 | D:4      | Killed Edmund
  3256 | D:4      | Found a staircase to the Ecumenical Temple.
  3296 | D:4      | Reached XP level 7. HP: 67/67 MP: 6/6
  3344 | Temple   | Entered the Ecumenical Temple
  3382 | Temple   | Became a worshipper of Fedhas Madash
  3493 | D:4      | Found a sparkling altar of Nemelex Xobeh.
  3494 | D:4      | Found an opulent altar of Gozag.
  3547 | D:5      | Entered Level 5 of the Dungeon
  3579 | D:5      | Reached skill level 1 in Throwing
  3769 | D:5      | Found a shimmering altar of Xom.
  3795 | D:5      | Found a snail-covered altar of Cheibriados.
  3821 | D:5      | Noticed Dowan
  3823 | D:5      | Noticed Duvessa
  3837 | D:5      | Killed Duvessa
  3837 | D:5      | Reached skill level 5 in Dodging
  3854 | D:5      | Killed Dowan
  4084 | D:5      | Found a white marble altar of Elyvilon.
  4303 | D:5      | Reached XP level 8. HP: 75/78 MP: 7/7
  4574 | D:6      | Reached skill level 1 in Stealth
  4583 | D:6      | Reached skill level 5 in Shields
  4603 | D:6      | Found Hoenout's General Store.
  5185 | D:6      | Found a deep blue altar of Sif Muna.
  5359 | D:6      | Found a sacrificial altar of Ru.
  5359 | D:6      | Found a bloodstained altar of Trog.
  5730 | D:7      | Reached skill level 5 in Unarmed Combat
  6017 | D:7      | Reached skill level 6 in Dodging
  6166 | D:7      | Reached XP level 9. HP: 73/84 MP: 8/8
  6210 | D:7      | Noticed Pikel
  6241 | D:7      | HP: 2/85 [slave[Pikel] (6)]
  6246 | D:7      | Slain by a slave

Action                   |  1- 3 |  4- 6 |  7- 9 || total
-------------------------+-------+-------+-------++-------
Melee: Unarmed           |   116 |   178 |   243 ||   537
 Fire: Blowgun           |       |    18 |    24 ||    42
  Use: Scroll            |       |    10 |     2 ||    12
       Potion            |       |       |     5 ||     5
 Stab: Sleeping          |     1 |       |       ||     1
  Eat: Bread ration      |     2 |     1 |     2 ||     5
       Chunk             |     7 |     9 |     7 ||    23
       Fruit             |       |     2 |       ||     2
       Meat ration       |       |       |     2 ||     2
